cohdb
Replays
Latest Replays
All Replays
Popular Replays
Top Player Replays
Match Explorer
How It Works
Community
CoH3 Stats
Reddit
Sign in to upload your games and track your stats! →
Sign in with Steam
Match 45400458
Unlisted
Match 45400458
Overview
Messages
Build Orders
End
Vickers Machine Gun Team
Construct Section Command Post
Infantry Section
Grenade Package
Infantry Section
Selects Air and Sea Battlegroup
Selects Supply Surplus
Construct Resource Cache
Construct Field Infirmary
Forward Retreat Point
Infantry Section
Construct Platoon Command Post
6-pounder Anti-tank Gun Team
Selects Commando Section Paradrop
Selects M1 Pack Howitzer Paradrop
Team Weapon Training
Construct Company Command Post
Unlock M3 Grant Medium Tanks
M3 Grant Medium Tank
Selects UNKNOWN (223837)
M3 Grant Medium Tank
Selects Incendiary Bombing Run
Incendiary Bombing Run
M3 Grant Medium Tank
Armored Vehicle Training
Incendiary Bombing Run
BootLeg
shor
Lost
Frog
[PD] [9C] [FT] Claudius Tacitus
Vadice
Mithers
Nico-Nico-Nii~~
0
0
Comments
sign in to comment!
No comments posted yet!